Map: Magannatha LE

Players

abC

  • Race: Zerg Zerg
  • League: Diamond
  • Spawn Location: 11:00

SubN - Winner!

  • Race: Zerg Zerg
  • Spawn Location: 5:00

VOD

Have the link to the VOD?

Description

Time

  • Played on: July 11, 2025, 8:53 p.m.
  • Length: 3:23
Show
View Real Time Build Order
Export as new Build Order

abC Zerg 

Build Orders: Pool First 

Get SALT Encoding   

  12  0:00  Drone  
  13  0:12  Overlord  
  13  0:18  Drone  
  14  0:24  Extractor  
  14  0:25  Drone  
  14  0:31  Drone  
  14  0:34  Drone  
  16  0:46  Drone  
  17  0:53  Spawning Pool  
  16  1:00  Drone  
  17  1:07  Overlord  
  17  1:20  Drone  
  18  1:28  Drone  
  19  1:41  Drone  
  19  1:43  Hatchery  
  19  1:46  Metabolic Boost  
  19  1:51  Zergling x2  
  20  2:01  Queen  
  22  2:11  Drone  
  22  2:12  Zergling x2  
  24  2:16  Baneling Nest  
  24  2:22  Zergling x2  
  24  2:32  Zergling x2  
  25  2:43  Zergling x2, Queen  
  28  2:55  Zergling x2  
  28  2:56  Zergling x2  
Show
View Real Time Build Order
Export as new Build Order

SubN Zerg - Winner!

Build Orders: Pool First 

Get SALT Encoding   

  12  0:00  Drone  
  13  0:07  Drone  
  14  0:25  Spawning Pool  
  13  0:31  Extractor  
  12  0:55  Hatchery  
  11  1:13  Queen  
  11  1:17  Overlord  
  13  1:23  Zergling x2  
  14  1:36  Zergling x2  
  15  1:43  Zergling x4  
  17  1:50  Metabolic Boost  
  17  1:56  Zergling x2  
  18  2:07  Zergling x4  
  20  2:17  Zergling x2  
  21  2:24  Queen  
  23  2:33  Zergling x2  
  23  2:34  Zergling x2  
  25  2:38  Zergling x2  
  25  2:43  Zergling x2  
  27  2:58  Zergling x2  
Tags
 
League
Diamond
Matchup
ZvZ
Race
Zerg
Replay Pack
2025 replay dump
Spawn Locations
Cross Positions
Add a new tag
Caveats
  • Supply blocks, unpowered buildings, or Contaminate may cause inaccurate times.
  • Supply counts are checked every 10 seconds.